 Dungeon Crawl Stone Soup version 0.27-a0-1087-gf39c287674 (webtiles) character file.

Game seed: 12349653854745372770

98427 DarkShadow the Peltast (level 15, -1/138 HPs)
             Began as a Minotaur Fighter on Apr 27, 2021.
             Was an Initiate of Gozag.
             Killed from afar by a deep elf annihilator (18 damage)
             ... with a bolt of lightning
             ... on level 3 of the Elven Halls.
             The game lasted 01:27:41 (26729 turns).

DarkShadow the Peltast (Minotaur Fighter)          Turns: 26729, Time: 01:27:42

Health: -1/138     AC: 22    Str: 33    XL:     15   Next: 74%
Magic:  23/23      EV:  7    Int:  5    God:    Gozag
Gold:   2355       SH: 23    Dex:  7    Spells: 14/14 levels left

rFire    . . .     SeeInvis .   a - +7 long sword (elec)
rCold    . . .     Faith    .   O - +0 tower shield
rNeg     + + .     Spirit   .   C - +1 plate armour of Gozag's Grace {rN++ rCorr MP+9 Dex-3}
rPois    +         Reflect  .   (helmet restricted)
rElec    .         Harm     .   p - +2 cloak
rCorr    +         Rampage  .   y - +0 pair of gloves
Will     +++..                  h - +0 pair of boots
Stlth    ..........             z - amulet of Incredulity {Will++ Regen+}
HPRegen  1.33/turn              e - +4 ring of slaying
MPRegen  0.18/turn              N - +6 ring of strength

@: corroded, bribing [the Elven Halls]
A: horns 2, retaliatory headbutt, beak, poison resistance, shaggy fur 1
a: Renounce Religion, Potion Petition, Call Merchant, Bribe Branch


You were on level 3 of the Elven Halls.
You worshipped Gozag.
Gozag was most pleased with you.
You visited 4 branches of the dungeon, and saw 21 of its levels.

You collected 6290 gold pieces.
You spent 812 gold pieces at shops.
You paid 3123 gold pieces to Gozag.

Inventory:

Hand Weapons
 a - a +7 long sword of electrocution (weapon)
Missiles
 r - 7 boomerangs of dispersal
 S - 5 throwing nets (quivered)
Armour
 c - a +3 kite shield
 h - a +0 pair of boots (worn)
 p - a +2 cloak (worn)
 w - a +0 chain mail
 y - a +0 pair of gloves (worn)
 C - the +1 plate armour of Gozag's Grace (worn) {rN++ rCorr MP+9 Dex-3}
   (You bought it in a shop on level 2 of the Orcish Mines)

   It affects your dexterity (-3).
   It greatly protects you from negative energy.
   It affects your magic capacity (+9).
   It protects you from acid and corrosion.
 J - a +0 plate armour
 O - a +0 tower shield (worn)
Jewellery
 e - a +4 ring of slaying (left hand)
 f - a +6 ring of strength
 i - a ring of willpower
 j - a ring of wizardry
 k - a ring of ice
 q - a +6 ring of intelligence
 s - an amulet of guardian spirit
 z - the amulet of Incredulity (around neck) {Will++ Regen+}
   (You acquired it on level 13 of the Dungeon)

   [amulet of regeneration]

   It increases your rate of health regeneration.
   It greatly increases your willpower.
 D - an amulet of faith
 E - an amulet of magic regeneration
 I - a +6 ring of dexterity
 N - a +6 ring of strength (right hand)
 P - a ring of protection from cold
 U - a ring of see invisible
Wands
 u - a wand of acid (17)
 x - a wand of flame (64)
 A - a wand of iceblast (9)
 B - a wand of paralysis (5)
 H - a wand of charming (5)
 M - a wand of mindburst (12)
Scrolls
 o - 3 scrolls of magic mapping
 t - a scroll of identify
 F - a scroll of brand weapon
 G - 5 scrolls of fog
 L - 2 scrolls of summoning
 Q - a scroll of blinking
 R - a scroll of enchant weapon
 T - a scroll of silence
Potions
 b - 3 potions of flight
 d - 5 potions of might
 g - 3 potions of lignification
 l - 2 potions of cancellation
 m - 4 potions of brilliance
 n - 2 potions of invisibility
 v - a potion of haste
Miscellaneous
 K - a lightning rod (4/4)


   Skills:
 + Level 14.1 Fighting
 - Level 0.9(9.9) Short Blades
 + Level 15.9 Long Blades
 - Level 1.0(1.7) Axes
 - Level 1.0(1.7) Maces & Flails
 - Level 1.5(2.1) Polearms
 - Level 1.5(2.1) Staves
 - Level 1.4(1.7) Slings
 - Level 0.9 Bows
 - Level 0.9 Crossbows
 - Level 1.2(1.5) Throwing
 + Level 15.7 Armour
 + Level 17.3 Shields
 - Level 0.8 Conjurations
 - Level 0.7 Hexes
 - Level 0.9 Summonings
 - Level 0.4 Necromancy
 - Level 0.4 Translocations
 - Level 0.5 Transmutations
 - Level 0.4 Fire Magic
 - Level 0.4 Ice Magic
 - Level 0.4 Air Magic
 - Level 0.5 Earth Magic
 - Level 0.4 Poison Magic
 - Level 0.8 Invocations


You had 14 spell levels left.
You didn't know any spells.
Your spell library contained the following spells:

 Spells                   Type           Power      Damage    Failure   Level
 Animate Skeleton         Necr           0%         N/A       99%         1
 Pain                     Necr           0%         1d4       99%         1
 Sting                    Tmut/Pois      0%         1d3       99%         1
 Poisonous Vapours        Pois/Air       0%         N/A       100%        2
 Ignite Poison            Fire/Tmut/Pois 0%         N/A       100%        3
 Mephitic Cloud           Conj/Pois/Air  0%         N/A       100%        3
 Vampiric Draining        Necr           0%         2d6       100%        3
 Animate Dead             Necr           0%         N/A       100%        4
 Olgreb's Toxic Radiance  Pois           0%         N/A       100%        4
 Agony                    Necr           0%         N/A       100%        5


Dungeon Overview and Level Annotations

Branches:
Dungeon (15/15)            Temple (1/1) D:6            Lair (0/6) D:9
    Orc (2/2) D:12            Elf (3/3) Orc:2        Vaults (0/5) D:14
 Depths (0/5) D:15

Altars:
Ashenzari
Cheibriados
Dithmenos
Elyvilon
Fedhas
Gozag
Hepliaklqana
Kikubaaqudgha
Makhleb
Nemelex Xobeh
Okawaru
Qazlal
Ru
Sif Muna
Trog
Uskayaw
Vehumet
Wu Jian
Xom
Yredelemnul
Zin
The Shining One

Shops:
D:5 :   Orc:1 (   Orc:2 =([:   Elf:1 :=:(

Annotations:
Elf:2 Asterion


Innate Abilities, Weirdness & Mutations

You have a pair of horns on your head.
You reflexively headbutt those who attack you in melee.
You have a beak for a mouth.
Your system is resistant to poisons. (rPois)
You are covered in fur. (AC +1)


Message History

The deep elf sorcerer seems to speed up.
A deep elf annihilator comes into view. It is wielding a +0 rapier.
Do you want to bribe the denizens of the Elven Halls?
You no longer have enough gold to bribe branches to halt enemies' attacks and recruit allies.
Gozag spreads your bribe to the Elven Halls!
The deep elf annihilator shouts!
You block the deep elf sorcerer's attack.
The deep elf annihilator casts a spell at you.
You block the poison arrow.
The deep elf annihilator casts a spell.
The deep elf annihilator blinks!
You hear a shout!
Your shield prevents you from hitting the deep elf annihilator.
You headbutt the deep elf annihilator.
The deep elf annihilator is lightly wounded.
The deep elf sorcerer mumbles some strange words.
The deep elf sorcerer shimmers violently.
The deep elf annihilator casts a spell.
The deep elf annihilator blinks!
You completely miss the deep elf annihilator.
You headbutt the deep elf annihilator!
Your peck misses the deep elf annihilator.
The deep elf annihilator is moderately wounded.
You block the deep elf annihilator's attack.
You slash the deep elf annihilator! You peck the deep elf annihilator.
The deep elf annihilator is heavily wounded.
You slash the deep elf annihilator!
Your peck misses the deep elf annihilator.
The deep elf annihilator is severely wounded.
The deep elf annihilator points at you and mumbles some strange words.
The crystal spear hits you!!!!
Ouch! That really hurt!
* * * LOW HITPOINT WARNING * * *
You hear a shout!
The deep elf annihilator gestures at you while chanting.
You block the iron shot.
The deep elf annihilator casts a spell at you.
The bolt of lightning hits you!!
You die...
Your body crumbles into a pile of gold.

.......
....#..
..... .e.
#.#### $
#e$ee#
####e# #
#.#######.#
#.@.......#
####...####
#.....#
#.....#
#.....#
##...##
##<##
#######[#
........#


You could see a deep elf annihilator (empowered) and 2 deep elf sorcerers.

Vanquished Creatures
  Jorgrun (D:13)
  Kirke (D:15)
  A deep elf sorcerer (Elf:1)
  Louise (D:14)
  An orc warlord (Orc:1)
  A deep elf death mage (Elf:3)
  An ettin (D:15)
  A vault guard (D:14)
  2 hydras
  Harold (Orc:1)
  6 centaur warriors
  An ogre mage (D:14)
  12 two-headed ogres
  4 tengu warriors
  3 orc high priests (Orc:2)
  4 skeletal warriors (D:14)
  2 deep elf knights (Elf:1)
  2 deep trolls (D:15)
  3 deep elf archers (Elf:1)
  A wizard (D:15)
  8 orc sorcerers
  A necromancer (D:15)
  6 orc knights
  18 deep elf pyromancers
  An orb spider (shapeshifter) (D:15)
  12 deep elf zephyrmancers
  3 ugly things
  4 manticores
  A salamander (shapeshifter) (D:12)
  3 cyclopes
  A komodo dragon (D:12)
  3 yaktaurs (D:13)
  An unseen horror (D:12)
  A yaktaur (shapeshifter) (D:13)
  A freezing wraith (D:14)
  6 trolls
  A hornet (D:9)
  3 slime creatures (D:14)
  An air elemental (Elf:3)
  3 water elementals
  3 shadows (D:12)
  5 wyverns
  3 fire elementals (Elf:1)
  A wraith (D:13)
  Eustachio (D:5)
  A hog (D:15)
  A vampire (D:12)
  9 yaks (D:10)
  A steam dragon (D:7)
  2 basilisks
  3 wargs
  2 acid dragons
  An acid dragon (shapeshifter) (D:14)
  A black bear (D:8)
  23 orc warriors
  2 sky beasts
  3 necrophages
  4 ogres
  The ghost of Thargor the Covered, an amateur GnWn (D:5)
  A boggart (D:14)
  6 centaurs
  A kobold brigand (D:9)
  2 bullfrogs
  An earth elemental (Elf:2)
  3 scorpions
  2 troll zombies (D:12)
  10 killer bees
  An electric eel (D:15)
  10 wights (D:8)
  2 howler monkeys (D:8)
  6 centaur zombies
  A jelly (D:6)
  10 orc priests
  A bullfrog skeleton (D:5)
  3 hounds
  25 orc wizards
  A killer bee zombie (D:5)
  4 ogre zombies (D:12)
  A mummy (D:8)
  7 gnolls
  3 adders
  A white imp (D:7)
  An adder skeleton (D:4)
  A worm (D:2)
  4 dart slugs
  65 orcs
  7 ball pythons
  2 endoplasms
  5 giant cockroaches
  7 goblins
  5 hobgoblins
  4 jackals (D:3)
  4 quokkas
  5 bats
  3 frilled lizards
  5 goblin zombies (D:12)
  3 hobgoblin zombies (D:12)
  9 kobolds
  4 orc skeletons (D:12)
  7 orc zombies (D:12)
  A quokka skeleton (D:4)
  4 rats
442 creatures vanquished.

Vanquished Creatures (others)
  7 dancing weapons
  A deep elf archer (Elf:1)
  A moth of wrath (shapeshifter) (Elf:1)
  An air elemental (Elf:1)
  A water elemental (Elf:1)
  5 humans (D:15)
  An orc (Orc:1)
  2 plants (Elf:3)
19 creatures vanquished.

Grand Total: 461 creatures vanquished

Notes
Turn   | Place    | Note
-------+----------+-------------------------------------------
     0 | D:1      | DarkShadow the Minotaur Fighter began the quest for the
                  | Orb.
     0 | D:1      | Reached XP level 1. HP: 19/19 MP: 0/0
   268 | D:1      | Reached XP level 2. HP: 27/27 MP: 1/1
   570 | D:1      | Reached skill level 4 in Shields
   934 | D:2      | Reached XP level 3. HP: 33/33 MP: 2/2
  1136 | D:2      | Found a faded altar of an unknown god.
  1984 | D:3      | Found a stormy altar of Qazlal.
  2047 | D:3      | Reached XP level 4. HP: 29/40 MP: 3/3
  2799 | D:4      | Found an iron altar of Okawaru.
  3369 | D:5      | Entered Level 5 of the Dungeon
  3381 | D:5      | Noticed a necrophage
  3388 | D:5      | Killed a necrophage
  3389 | D:5      | Reached skill level 5 in Armour
  3389 | D:5      | Reached skill level 5 in Shields
  3389 | D:5      | Reached XP level 5. HP: 44/47 MP: 4/4
  3430 | D:5      | Reached XP level 6. HP: 36/53 MP: 5/5
  3653 | D:5      | Reached skill level 5 in Long Blades
  3694 | D:5      | Noticed Eustachio
  3699 | D:5      | Killed Eustachio
  3700 | D:5      | Reached skill level 5 in Fighting
  3700 | D:5      | Reached XP level 7. HP: 61/61 MP: 6/6
  3700 | D:5      | Found a runed translucent door.
  3703 | D:5      | Noticed Thargor's ghost (amateur GnWn)
  3714 | D:5      | Killed Thargor's ghost
  3891 | D:5      | Reached skill level 6 in Shields
  3926 | D:5      | Found a bloodstained altar of Trog.
  4240 | D:5      | Found Likotz's Book Emporium.
  4305 | D:6      | Found a shadowy altar of Dithmenos.
  4368 | D:6      | Identified a scroll of acquirement
  4368 | D:6      | Acquired 1010 gold pieces
  4455 | D:6      | Found a staircase to the Ecumenical Temple.
  4461 | Temple   | Entered the Ecumenical Temple
  4550 | Temple   | Became a worshipper of Gozag Ym Sagoz the Greedy
  4630 | D:6      | Reached XP level 8. HP: 67/70 MP: 7/7
  4676 | D:6      | Found a sparkling altar of Nemelex Xobeh.
  4789 | D:6      | Found a basalt altar of Yredelemnul.
  5185 | D:7      | Found a snail-covered altar of Cheibriados.
  5279 | D:7      | Found a burning altar of Makhleb.
  5789 | D:7      | Reached skill level 7 in Shields
  6100 | D:8      | Reached XP level 9. HP: 51/78 MP: 8/8
  6480 | D:8      | Identified the amulet "Enosch" {Harm rF+ rC+ Regen+ Str-2}
  7320 | D:9      | Found a staircase to the Lair.
  7427 | D:9      | Reached skill level 10 in Long Blades
  7427 | D:9      | Reached skill level 8 in Shields
  8403 | D:10     | Entered Level 10 of the Dungeon
  8429 | D:10     | Reached skill level 10 in Armour
  8429 | D:10     | Reached XP level 10. HP: 52/86 MP: 4/9
  8445 | D:10     | Reached skill level 9 in Shields
  8762 | D:10     | Found a hazy altar of Hepliaklqana.
  8820 | D:10     | Noticed a two-headed ogre
  8821 | D:10     | Found a white marble altar of Elyvilon.
  8823 | D:10     | Killed a two-headed ogre
  8897 | D:10     | Noticed a manticore
  8907 | D:10     | Killed a manticore
  9014 | D:10     | Noticed a two-headed ogre
  9015 | D:10     | Noticed a two-headed ogre
  9024 | D:10     | HP: 1/89 [two-headed ogre/+0 giant club (16)]
  9500 | D:10     | Killed a two-headed ogre
  9501 | D:10     | Reached skill level 10 in Shields
 10100 | D:10     | Killed a two-headed ogre
 10101 | D:10     | Reached XP level 11. HP: 90/97 MP: 8/10
 10123 | D:11     | Noticed a cyan ugly thing
 10138 | D:11     | Killed a cyan ugly thing
 10176 | D:11     | Noticed a cyan ugly thing
 10189 | D:11     | Killed a cyan ugly thing
 10263 | D:11     | Found an ornate altar of the Wu Jian Council.
 10660 | D:11     | Found a flagged portal.
 11410 | D:12     | Reached skill level 11 in Shields
 11579 | D:12     | Noticed a two-headed ogre
 11591 | D:12     | Killed a two-headed ogre
 12080 | D:12     | Noticed an orc sorcerer
 12085 | D:12     | Killed an orc sorcerer
 12087 | D:12     | Reached skill level 10 in Fighting
 12091 | D:12     | Found a staircase to the Orcish Mines.
 12590 | D:13     | Noticed Jorgrun
 12606 | D:13     | Killed Jorgrun
 12607 | D:13     | Reached XP level 12. HP: 58/108 MP: 6/11
 12827 | D:13     | Noticed a tengu warrior
 12841 | D:13     | Killed a tengu warrior
 13167 | D:13     | Noticed a centaur warrior
 13176 | D:13     | Killed a centaur warrior
 13769 | D:13     | Reached skill level 12 in Shields
 13860 | D:13     | Noticed a centaur warrior
 13870 | D:13     | Killed a centaur warrior
 14362 | D:14     | Noticed a centaur warrior
 14387 | D:14     | Killed a centaur warrior
 14671 | D:14     | Noticed a two-headed ogre
 14687 | D:14     | Killed a two-headed ogre
 14895 | D:15     | Entered Level 15 of the Dungeon
 15124 | D:14     | Noticed an ogre mage
 15124 | D:14     | Noticed a two-headed ogre
 15124 | D:14     | Noticed a two-headed ogre
 15124 | D:14     | Noticed a two-headed ogre
 15124 | D:14     | Noticed a two-headed ogre
 15124 | D:14     | Noticed a two-headed ogre
 15124 | D:14     | Noticed a two-headed ogre
 15124 | D:14     | Noticed a two-headed ogre
 15128 | D:14     | Killed a two-headed ogre
 15415 | D:13     | Acquired the amulet of Incredulity {Will++ Regen+}
 15589 | D:14     | Killed an ogre mage
 15724 | D:14     | Killed a two-headed ogre
 15762 | D:14     | Killed a two-headed ogre
 15763 | D:14     | Reached skill level 13 in Shields
 15780 | D:14     | Killed a two-headed ogre
 15781 | D:14     | Reached XP level 13. HP: 84/117 MP: 12/12
 16083 | D:14     | Noticed Louise
 16114 | D:14     | Killed Louise
 19065 | D:14     | Reached skill level 1 in Axes
 19065 | D:14     | Reached skill level 1 in Maces & Flails
 19065 | D:14     | Reached skill level 1 in Polearms
 19065 | D:14     | Reached skill level 1 in Staves
 19065 | D:14     | Reached skill level 1 in Slings
 19065 | D:14     | Reached skill level 1 in Throwing
 19065 | D:14     | Reached XP level 14. HP: 119/119 MP: 13/13
 19066 | D:14     | Gained mutation: You are somewhat resistant to further
                  | mutation. [potion of mutation]
 19203 | D:14     | Found a gate to the Vaults.
 19238 | D:14     | Reached skill level 15 in Long Blades
 19524 | D:15     | Reached skill level 14 in Shields
 19685 | D:15     | Noticed Kirke
 19703 | D:15     | Killed Kirke
 20468 | D:15     | Found a staircase to the Depths.
 21932 | D:11     | You fall into a shaft and drop 3 floors!
 22098 | D:14     | You fall into a shaft and drop 1 floor!
 22445 | Orc:1    | Entered Level 1 of the Orcish Mines
 22532 | Orc:1    | Noticed an orc warlord
 22552 | Orc:1    | Killed an orc warlord
 22553 | Orc:1    | Reached skill level 15 in Shields
 22576 | Orc:1    | Noticed Harold
 22606 | Orc:1    | Killed Harold
 22637 | Orc:1    | Reached skill level 15 in Armour
 22702 | Orc:1    | Found Lotuw's Antique Weapon Boutique.
 23179 | Orc:2    | Entered Level 2 of the Orcish Mines
 23184 | Orc:2    | Found a staircase to the Elven Halls.
 23886 | Orc:2    | Found Umuffext's Book Shoppe.
 23913 | Orc:2    | Reached XP level 15. HP: 99/135 MP: 14/14
 24039 | Orc:2    | Found Myhyock's Antique Weapon Boutique.
 24055 | Orc:2    | Found Buomets's Jewellery Boutique.
 24057 | Orc:2    | Found Nuhukeby's Antique Armour Shoppe.
 24066 | Orc:2    | Bought a dazzling plate armour for 812 gold pieces
 24066 | Orc:2    | Identified the +1 plate armour of Gozag's Grace {rN++ rCorr
                  | MP+9 Dex-3} (You bought it in a shop on level 2 of the
                  | Orcish Mines)
 24359 | Elf:1    | Entered Level 1 of the Elven Halls
 24373 | Elf:1    | Reached skill level 16 in Shields
 24572 | Elf:1    | Found Bisairr's Antique Weapon Shoppe.
 24739 | Elf:1    | Noticed a deep elf sorcerer
 24744 | Elf:1    | Killed a deep elf sorcerer
 25389 | Elf:1    | Found Nittur's Book Shop.
 25390 | Elf:1    | Found Oluegot's Jewellery Shoppe.
 25392 | Elf:1    | Found Danuyll's Book Shop.
 26367 | Elf:1    | Reached skill level 17 in Shields
 26420 | Elf:1    | Lost mutation: You are somewhat resistant to further
                  | mutation. [potion of mutation]
 26420 | Elf:1    | Gained mutation: You are covered in fur. (AC +1) [potion of
                  | mutation]
 26420 | Elf:1    | Gained mutation: You have a beak for a mouth. [potion of
                  | mutation]
 26420 | Elf:1    | Gained mutation: Your system is resistant to poisons.
                  | (rPois) [potion of mutation]
 26494 | Elf:2    | Noticed Asterion
 26597 | Elf:3    | Entered Level 3 of the Elven Halls
 26710 | Elf:3    | Noticed a deep elf sorcerer
 26710 | Elf:3    | Noticed a deep elf sorcerer
 26729 | Elf:3    | Killed from afar by a deep elf annihilator

Illustrated notes

Levels and vault maps discovered:
D:1:      psy_arrival_fountain, layout_loops_corners, corexii_hall_statues_s
D:2:      layout_basic, basic_ecumenical_altar, minmay_misc_feat_five,
          hangedman_decor_riveting, minmay_pentomino_p2
D:3:      layout_loops_ring, lemuel_round_altar
D:4:      layout_basic, general_overflow_altar
D:5:      layout_basic, kennysheep_mini, ebering_ghost_reflecting_pool,
          serial_shops, nicolae_shop_statue_plus, uniq_eustachio
D:6:      layout_basic, grunt_dithmenos_smoke, nicolae_overflow_crystal_walls,
          kennysheep_little_box, minmay_temple_entry_hall
D:7:      layout_loops_cross, overflow_temple_1_default, bloody_makhleb,
          hangedman_decor_opposing
D:8:      layout_rooms, gup_ossuary_entry_pyramid
D:9:      layout_cave_pods, lair_entry_dummy, serial_bayou_crossing
D:10:     layout_irregular_city, lemuel_doored_altar, lemuel_round_altar
D:11:     layout_basic, enter_bailey_4, nzn_wu_jian_council_hall
D:12:     layout_cave_pools, zombieorc1_lemuel
D:13:     layout_irregular_city, nrook_loot_triangle, uniq_jorgrun
D:14:     layout_irregular_city, david_vaults_5, nrook_uturn, uniq_louise
D:15:     hangedman_depths_entry_civil_slaughter, layout_basic,
          minmay_misc_feat_doors, minmay_stone_trees_large, uniq_kirke
Temple:   nicolae_temple_hex_pool
Orc:1:    layout_diamond_mine, serial_shops, shop, uniq_harold
Orc:2:    st_orc_elflike, layout_caves
Elf:1:    elf_arrival_001, layout_gridlike, serial_shops, nicolae_shop_crystal,
          evilmike_minifort, guppyfry_library_mini, minmay_shop_grove
Elf:2:    layout_gridlike, serial_shops, nicolae_shop_trees, uniq_asterion
Elf:3:    minmay_elf_hall_furrowed, layout_loops_corners,
          gammafunk_ghost_cemetery, serial_shops, shop,
          nicolae_shop_overgrown_old_shop, nicolae_shop_crystal,
          nicolae_shop_crystal, shop, amcnicky_altar_lugonu_corruption

Skill      XL: |  1  2  3  4  5  6  7  8  9 10 11 12 13 14 15 |
---------------+----------------------------------------------+-----
Armour         | 4 5 6 8 10 11 12 13 15 | 15.7
Shields        | 4 5 6 7 8 10 11 13 15 17 | 17.3
Fighting       | 4 5 6 7 9 10 11 12 13 14 | 14.1
Long Blades    | 3 4 5 7 9 10 11 13 14 15 | 15.9
Axes           | 1 |  1.0
Maces & Flails | 1 |  1.0
Polearms       | 1 |  1.5
Staves         | 1 |  1.5
Slings         | 1 |  1.4
Throwing       | 1 |  1.2
Short Blades   | |  0.9
Bows           | |  0.9
Crossbows      | |  0.9
Conjurations   | |  0.8
Hexes          | |  0.7
Summonings     | |  0.9
Necromancy     | |  0.4
Translocations | |  0.4
Transmutations | |  0.5
Fire Magic     | |  0.4
Ice Magic      | |  0.4
Air Magic      | |  0.4
Earth Magic    | |  0.5
Poison Magic   | |  0.4
Invocations    | |  0.8

Action                   |  1- 3 |  4- 6 |  7- 9 | 10-12 | 13-15 || total
-------------------------+-------+-------+-------+-------+-------++-------
Melee: Long sword        |   108 |    65 |   177 |   343 |   684 ||  1377
       Headbutt          |    14 |     8 |    26 |   100 |   167 ||   315
       Peck              |       |       |       |       |    17 ||    17
Invok: Bribe Branch      |       |       |       |       |     1 ||     1
Evoke: Wand              |       |       |       |       |     1 ||     1
  Use: Scroll            |     6 |       |    14 |    12 |     9 ||    41
       Potion            |       |       |     2 |     2 |    18 ||    22
 Stab: Distracted        |       |       |       |     2 |     3 ||     5
Armor: Scale mail        |    52 |    26 |     3 |       |       ||    81
       Chain mail        |       |       |    72 |   100 |     2 ||   174
       Plate armour      |       |       |       |       |   264 ||   264
Dodge: Dodged            |    27 |    19 |    39 |    70 |    86 ||   241
Block: Kite shield       |    72 |    37 |   131 |   259 |    10 ||   509
       Tower shield      |       |       |       |       |   690 ||   690
       Rpst.: Long sword |     5 |     3 |     6 |    12 |     4 ||    30

Table legend: (Time is in decaauts)
 A = Elapsed time spent in this place.
 B = Non-inter-level travel time spent in this place.
 C = Inter-level travel time spent in this place.
 D = Time resting spent in this place.
 E = Time spent auto-exploring this place.
 F = Levels seen in this place.
 G = Mean time per level.
                   A        B        C        D        E       F      G
               +--------+--------+--------+--------+--------+-----+--------+
         Total |  26727 |  26348 |    379 |   7406 |   9482 |  21 | 1272.7 |
       Dungeon |  22406 |  22027 |    379 |   6904 |   8344 |  15 | 1493.7 |
        Temple |    102 |    102 |      0 |      0 |     71 |   1 |  102.0 |
  Orcish Mines |   1877 |   1877 |      0 |    102 |    846 |   2 |  938.5 |
   Elven Halls |   2341 |   2341 |      0 |    400 |    221 |   3 |  780.3 |
               +--------+--------+--------+--------+--------+-----+--------+

Top non-repeatable levels by time:
    D:14: 4949 daAuts
    D:13: 2441 daAuts
   Elf:1: 2111 daAuts
    D:10: 1922 daAuts
    D:15: 1709 daAuts
    D:11: 1505 daAuts
     D:8: 1304 daAuts
     D:9: 1301 daAuts
    D:12: 1199 daAuts
   Orc:2: 1156 daAuts
     D:2: 1080 daAuts
     D:5: 958 daAuts
     D:7: 924 daAuts
     D:1: 872 daAuts
     D:6: 759 daAuts
